 Dungeon Crawl Stone Soup version 0.18.1-50-g88ac8fd (webtiles) character file.

84 GammafunkIsABaby the Chiller (level 4, -2/27 HPs)
             Began as a High Elf Ice Elementalist on June 9, 2018.
             Was a Follower of Kikubaaqudgha.
             Slain by an adder (5 damage)
             ... on level 3 of the Dungeon.
             The game lasted 00:07:42 (671 turns).

GammafunkIsABaby the Chiller (HEIE)                  Turns: 671, Time: 00:07:43

Health: -2/27      AC:  3    Str: 13      XL:     4   Next: 23%
Magic:  1/9        EV: 18    Int: 16 (19) God:    Kikubaaqudgha [*.....]
Gold:   76         SH:  0    Dex: 18 (20) Spells: 3 memorised, 3 levels left

rFire  . . .     SeeInvis .     f - +0 dagger
rCold  . . .     Gourm    .     a - +0 robe
rNeg   . . .     Faith    .     (no shield)
rPois  .         Spirit   .     (helmet restricted)
rElec  .         Dismiss  .     (no cloak)
rCorr  .         Reflect  .     j - +0 pair of gloves
SustAt .         Harm     .     (no boots)
MR     .....     Rnd*Rage +     e - amulet of inaccuracy (curse)
Stlth  +++.......               (no ring)
                                (no ring)

@: mighty, agile, lethally poisoned (-2 -> -5), not resistant to hostile
enchantments, fairly stealthy
A: antennae 1, berserk 1, low mp 1
a: Receive Corpses, Renounce Religion


You were on level 3 of the Dungeon.
You worshipped Kikubaaqudgha.
Kikubaaqudgha was aware of your devotion.
You were not hungry.

You visited 1 branch of the dungeon, and saw 3 of its levels.

You collected 76 gold pieces.

Inventory:

Hand Weapons
 f - a +0 dagger (weapon)
Armour
 a - a +0 robe (worn)
 j - a +0 pair of gloves (worn)
Jewellery
 e - a cursed amulet of inaccuracy (around neck)
Scrolls
 d - a scroll of remove curse
 l - a scroll of fear {unknown}
Potions
 i - a potion of agility
Books
 b - a book of Frost

   Spells                             Type                      Level
   a - Freeze                         Ice                          1
   b - Throw Frost                    Conjuration/Ice              2
   c - Ozocubu's Armour               Charms/Ice                   3
   d - Throw Icicle                   Conjuration/Ice              4
   e - Summon Ice Beast               Ice/Summoning                4
 h - Kikubaaqudgha's Papyrus of Dark Arts
   (Kikubaaqudgha gifted it to you on level 2 of the Dungeon)

   Spells                             Type                      Level
   a - Pain                           Necromancy                   1
   b - Corpse Rot                     Necromancy                   2
   c - Sublimation of Blood           Necromancy                   2
   d - Vampiric Draining              Necromancy                   3
   e - Control Undead                 Necromancy                   4
Comestibles
 c - a bread ration
 g - 2 meat rations


   Skills:
 - Level 2.1 Dodging
 - Level 2.1 Stealth
 - Level 3.3 Spellcasting
   Level 1.1 Conjurations
 + Level 2.0 Necromancy
 - Level 3.6 Ice Magic


You had 3 spell levels left.
You knew the following spells:

 Your Spells              Type           Power        Failure   Level  Hunger
a - Freeze                Ice            ##..         6%          1    None
b - Corpse Rot            Necr           N/A          14%         2    ##.....
c - Vampiric Draining     Necr           #.........   28%         3    ###....


Dungeon Overview and Level Annotations

Branches:
Dungeon (3/15)

Altars:
Kikubaaqudgha
Nemelex Xobeh


Innate Abilities, Weirdness & Mutations

You have a pair of small antennae on your head.
You tend to lose your temper in combat.
Your magical capacity is low (-10% MP).


Message History

You barely miss the adder.
The adder is almost dead.
The adder barely misses you. The hobgoblin barely misses you.
The adder misses you.
You completely miss the adder.
The adder is almost dead.
You feel sick. The hobgoblin closely misses you.
The adder completely misses you. The worm bites you.
* * * LOW HITPOINT WARNING * * *
Unknown command.
You barely miss the adder.
The adder is almost dead.
The adder misses you. The hobgoblin hits you with a club.
* * * LOW HITPOINT WARNING * * *
Unknown command.
You miss the adder.
The adder is almost dead.
The adder bites you.
You die...
Kikubaaqudgha rasps: "You have failed me!
Welcome... death!"

#..#######..##.##.....
#..# #.h##.#######
#.w# ...##ยง# #..#
#....hgg.# #..#
#.....h...# #..#
##..#.##..# #..#####
#.... .... #...w..#
#(##> ..### #####@.# #
#. .# #gS# .. .# #..#
...# #.## #.# #.# #.#


You could see a worm, an adder and a hobgoblin.

Vanquished Creatures
  4 adders
  A worm (D:3)
  A dart slug (D:1)
  3 giant cockroaches
  4 goblins
  3 hobgoblins
  9 jackals
  3 kobolds
  3 ball pythons
  4 bats
  2 giant newts
  2 rats
39 creatures vanquished.

Notes
Turn   | Place    | Note
--------------------------------------------------------------
     0 | D:1      | GammafunkIsABaby the High Elf Ice Elementalist began the quest for the Orb.
     0 | D:1      | Reached XP level 1. HP: 11/11 MP: 4/4
    95 | D:1      | Reached XP level 2. HP: 5/17 MP: 1/6
   191 | D:1      | Gained mutation: You tend to lose your temper in combat. [potion of mutation]
   191 | D:1      | Gained mutation: Your magical capacity is low (-10% MP). [potion of mutation]
   191 | D:1      | Gained mutation: You have a pair of small antennae on your head. [potion of mutation]
   247 | D:2      | Found a faded altar to an unknown god.
   278 | D:2      | Reached XP level 3. HP: 8/21 MP: 0/7
   320 | D:2      | Became a worshipper of Kikubaaqudgha
   320 | D:2      | Reached * piety under Kikubaaqudgha
   320 | D:2      | Received a gift from Kikubaaqudgha
   320 | D:2      | Identified Kikubaaqudgha's Papyrus of Dark Arts (Kikubaaqudgha gifted it to you on level 2 of the Dungeon)
   334 | D:2      | Learned a level 2 spell: Corpse Rot
   338 | D:2      | Learned a level 3 spell: Vampiric Draining
   399 | D:3      | Reached skill level 1 in Necromancy
   532 | D:2      | Found a sparkling altar of Nemelex Xobeh.
   540 | D:2      | Reached XP level 4. HP: 12/27 MP: 2/9
   671 | D:3      | Slain by an adder

Skill      XL: |  1  2  3  4 |
---------------+-------------+-----
Spellcasting   | 3 |  3.3
Necromancy     | 1 2 |  2.0
Dodging        | |  2.1
Stealth        | |  2.1
Conjurations   | |  1.1
Ice Magic      | |  3.6

Action                   |  1- 3 |  4- 6 || total
-------------------------+-------+-------++-------
Melee: Dagger            |    33 |    31 ||    64
       Unarmed           |     4 |       ||     4
 Cast: Freeze            |    46 |    11 ||    57
       Vampiric Draining |     1 |     1 ||     2
       Corpse Rot        |       |     1 ||     1
  Use: Potion            |     7 |     2 ||     9
       Scroll            |     3 |       ||     3
Armor: Robe              |    34 |     2 ||    36
Dodge: Dodged            |    87 |    42 ||   129
